 Dungeon Crawl Stone Soup version 0.27-a0-1137-g3ef0f4ec91 (webtiles) character file.

Game seed: 6675690658059518835

998 Zeld the Thrower (level 8, -13/53 HPs)
             Began as an Octopode Fighter on May 6, 2021.
             Was an Initiate of Okawaru.
             Mangled by Prince Ribbit (16 damage)
             ... on level 6 of the Dungeon.
             The game lasted 00:06:23 (7447 turns).

Zeld the Thrower (Octopode Fighter)                 Turns: 7447, Time: 00:06:23

Health: -13/53     AC:  1    Str: 18    XL:     8   Next: 19%
Magic:  8/8        EV: 11    Int: 10    God:    Okawaru [......]
Gold:   30         SH:  9    Dex: 11    Spells: 7/7 levels left

rFire    . . .     SeeInvis .   a - +0 war axe
rCold    . . .     Faith    .   b - +0 kite shield
rNeg     . . .     Spirit   .   (helmet restricted)
rPois    .         Reflect  .   (no amulet)
rElec    .         Harm     .   (no ring)
rCorr    .         Rampage  .   (no ring)
Will     .....                  (no ring)
Stlth    ++........             (no ring)
HPRegen  0.17/turn              (no ring)
MPRegen  0.11/turn              (no ring)
                                (no ring)
                                (no ring)

@: no status effects
A: almost no armour, amphibious, 8 rings, camouflage 1, gelatinous body 1,
(nimble swimmer 1), tentacles
a: Renounce Religion


You were on level 6 of the Dungeon.
You worshipped Okawaru.
Okawaru was noncommittal.
You visited 2 branches of the dungeon, and saw 7 of its levels.

You collected 217 gold pieces.
You spent 187 gold pieces at shops.

Inventory:

Hand Weapons
 a - a +0 war axe (weapon)
Missiles
 h - 5 javelins
 l - 7 boomerangs
 o - 17 poisoned darts (quivered)
Armour
 b - a +0 kite shield (worn)
Wands
 i - a wand of iceblast (4)
 m - a wand of paralysis (9)
Scrolls
 d - 3 scrolls of holy word {unknown}
 e - 3 scrolls of noise {unknown}
 f - 2 scrolls of identify {unknown}
 g - 4 scrolls of enchant weapon {unknown}
 j - a scroll of teleportation {unknown}
 k - a scroll of blinking {unknown}
 n - a scroll of torment {unknown}
 t - a scroll of enchant armour {unknown}
Potions
 c - 3 potions of might
 p - a potion of haste {unknown}
 q - a potion of attraction {unknown}
 r - a potion of flight
 s - a potion of experience {unknown}
 u - a potion of heal wounds


   Skills:
 - Level 3.6 Fighting
 - Level 2.8 Axes
 * Level 8.4 Throwing
 - Level 3.0 Dodging
 - Level 3.6 Shields


You had 7 spell levels left.
You didn't know any spells.
Your spell library contained the following spells:

 Spells                   Type           Power      Damage    Failure   Level
 Foxfire                  Conj/Fire      0%         2x1d4     86%         1
 Magic Dart               Conj           0%         1d3       86%         1
 Blink                    Tloc           N/A        N/A       94%         2
 Call Imp                 Summ           0%         N/A       94%         2
 Slow                     Hex            0%         N/A       94%         2
 Conjure Flame            Conj/Fire      0%         6-21      99%         3
 Inner Flame              Hex/Fire       0%         N/A       99%         3
 Mephitic Cloud           Conj/Pois/Air  0%         N/A       99%         3
 Sticky Flame             Conj/Fire      0%         2d3       100%        4
 Fireball                 Conj/Fire      0%         3d3       100%        5


Dungeon Overview and Level Annotations

Branches:
Dungeon (6/15)             Temple (1/1) D:5

Altars:
Ashenzari
Cheibriados
Dithmenos
Elyvilon
Fedhas
Gozag
Hepliaklqana
Kikubaaqudgha
Makhleb
Nemelex Xobeh
Okawaru
Qazlal
Ru
Sif Muna
Trog
Uskayaw
Wu Jian
Xom
Yredelemnul
Zin

Shops:
D:1 (   D:3 (   D:4 !   D:6 ?

Annotations:
D:6 Prince Ribbit


Innate Abilities, Weirdness & Mutations

You cannot wear most types of armour.
You are amphibious.
You can wear up to eight rings at the same time.
Your skin changes colour to match your surroundings (Stealth+).
Your rubbery body absorbs attacks. (AC +1, EV +1)
((You are camouflaged near water. (Stealth+)))
You have tentacles for arms and can constrict up to eight enemies at once.


Message History

Prince Ribbit gives a loud, deep croak!
Found a scroll labelled UKE QAIFOGO.
Prince Ribbit is nearby!
Throw: 18 darts (poison)
Press: ? - help, Q - select action, (/) - cycle Shift-Dir - straight line, f - Prince Ribbit
Aim: Prince Ribbit (41% to hit)
You throw a poisoned dart. The poisoned dart hits Prince Ribbit.
Prince Ribbit is poisoned.
Prince Ribbit blinks!
Throw: 17 darts (poison)
Press: ? - help, Q - select action, (/) - cycle Shift-Dir - straight line, f - you
Okay, then.
An iguana comes into view.
Throw: 17 darts (poison)
Press: ? - help, Q - select action, (/) - cycle Shift-Dir - straight line, f - iguana
Aim: an iguana (65% to hit)
Okay, then.
Prince Ribbit looks more healthy.
Prince Ribbit barely misses you.
You miss Prince Ribbit. You grab Prince Ribbit.
Your squeeze misses Prince Ribbit.
Prince Ribbit is lightly wounded.
You constrict Prince Ribbit. Prince Ribbit hits you. Prince Ribbit misses you.
You barely miss Prince Ribbit. Your squeeze misses Prince Ribbit.
Prince Ribbit is lightly wounded.
You constrict Prince Ribbit! You block Prince Ribbit's attack.
Prince Ribbit closely misses you. The iguana barely misses you.
Prince Ribbit hits you!
You completely miss Prince Ribbit.
Prince Ribbit is moderately wounded.
You closely miss the iguana. You constrict Prince Ribbit!
Prince Ribbit hits you. The iguana bites you! Prince Ribbit hits you!
* * * LOW HITPOINT WARNING * * *
You block the iguana's attack.
You are too injured to fight recklessly!
Unknown command.
You release your grip on Prince Ribbit.
Prince Ribbit hops awkwardly around.
Prince Ribbit hits you!
You die...

..# #..## ###...# .. ..##
##..####.....# .?.
#..###.............## #...
..............####..##...#
.....#####..### ##(......
...#..####..######...#..#
...#............##[....#
...#.####^####...Fl...#
...#.# ... #..@..#...+
#..#.#.... #..##...P..#
...#.#..(. #.###..P≈P...
.^... .^.# ##.P≈P... .#..
..#.. ..P..⌠. ....#..
#...... ... #.. #.... ^#
.###


You could see Prince Ribbit and an iguana.

Vanquished Creatures
  2 ice beasts (D:6)
  A black bear (D:5)
  A sky beast (D:5)
  A necrophage (D:4)
  A scorpion (D:4)
  A bullfrog zombie (D:5)
  A hound (D:4)
  A bullfrog skeleton (D:5)
  A jelly (D:5)
  Jessica (D:3)
  2 orc wizards (D:5)
  3 iguanas (D:5)
  3 gnolls (D:4)
  7 adders
  A shadow imp (D:5)
  A white imp (D:6)
  2 adder skeletons (D:4)
  A worm (D:2)
  2 dart slugs
  13 orcs
  4 ball pythons
  8 endoplasms
  8 giant cockroaches
  6 goblins
  2 hobgoblins
  2 jackals (D:1)
  3 quokkas
  5 bats
  4 frilled lizards
  11 kobolds
  7 rats
106 creatures vanquished.

Vanquished Creatures (others)
  A plant (D:3)
1 creature vanquished.

Grand Total: 107 creatures vanquished

Notes
Turn   | Place    | Note
-------+----------+-------------------------------------------
     0 | D:1      | Zeld the Octopode Fighter began the quest for the Orb.
     0 | D:1      | Reached XP level 1. HP: 16/16 MP: 1/1
    76 | D:1      | Found Mocar's Weapon Shop.
   172 | D:1      | Reached XP level 2. HP: 13/21 MP: 2/2
   764 | D:1      | Reached XP level 3. HP: 25/26 MP: 3/3
   989 | D:2      | Found a faded altar of an unknown god.
  1397 | D:2      | Reached XP level 4. HP: 31/32 MP: 4/4
  1912 | D:3      | Reached skill level 1 in Throwing
  2253 | D:3      | Noticed Jessica
  2259 | D:3      | Killed Jessica
  2260 | D:3      | Reached skill level 2 in Throwing
  2627 | D:3      | Reached XP level 5. HP: 26/36 MP: 5/5
  2655 | D:3      | Found an ancient bone altar of Kikubaaqudgha.
  2657 | D:3      | Found a blossoming altar of Fedhas.
  2735 | D:3      | Found Qustrul's Weapon Shoppe.
  3181 | D:4      | Reached skill level 3 in Throwing
  3940 | D:4      | Noticed a necrophage
  3954 | D:4      | Killed a necrophage
  3955 | D:4      | Reached skill level 4 in Throwing
  3955 | D:4      | Reached XP level 6. HP: 30/42 MP: 6/6
  4088 | D:4      | Reached skill level 5 in Throwing
  4498 | D:4      | Found Kuenotz's Distillery.
  4501 | D:4      | Bought a potion of curing for 33 gold pieces
  4501 | D:4      | Bought a potion of lignification for 33 gold pieces
  4501 | D:4      | Bought a potion of curing for 33 gold pieces
  4501 | D:4      | Bought a potion of flight for 33 gold pieces
  4588 | D:5      | Entered Level 5 of the Dungeon
  4651 | D:5      | Reached skill level 6 in Throwing
  4651 | D:5      | Reached XP level 7. HP: 19/46 MP: 7/7
  5382 | D:5      | Found a sacrificial altar of Ru.
  5588 | D:5      | Reached skill level 7 in Throwing
  6267 | D:5      | Found a staircase to the Ecumenical Temple.
  6357 | Temple   | Entered the Ecumenical Temple
  6394 | Temple   | Became a worshipper of Warmaster Okawaru
  7093 | D:6      | Found Pihurej's Magic Scroll Emporium.
  7180 | D:4      | Bought a potion of heal wounds for 55 gold pieces
  7313 | D:6      | Noticed a fire elemental
  7315 | D:6      | Found a stormy altar of Qazlal.
  7317 | D:6      | Noticed an air elemental
  7318 | D:6      | Noticed a water elemental
  7398 | D:6      | Reached skill level 8 in Throwing
  7398 | D:6      | Reached XP level 8. HP: 53/53 MP: 8/8
  7436 | D:6      | Noticed Prince Ribbit
  7445 | D:6      | HP: 2/53 [Prince Ribbit (14)]
  7447 | D:6      | Mangled by Prince Ribbit

Illustrated notes

Levels and vault maps discovered:
D:1:      dpeg_arrival_round_a, layout_basic, serial_shops, shop
D:2:      layout_rooms, serial_aquarium, aquarium_bridge_straight
          [aquarium_subvault_bridge, aquarium_subvault_wall,
          aquarium_subvault_bridge, aquarium_subvault_wall],
          aquarium_window_corner, aquarium_window_1, aquarium_view_2a,
          aquarium_balcony_3b, hellmonk_ecumenical_altar_pennies_from_heaven,
          chequers_decorated_corner, corexii_corridor_pit
D:3:      layout_loops_ring, grunt_temple_overflow_growth_and_decay,
          serial_shops, shop, uniq_jessica
D:4:      layout_loops_corners, serial_shops, kennysheep_mini
D:5:      layout_layer_cave, nicolae_ru_awakened_eye, minmay_temple_entry_hall
D:6:      layout_layer_cave, lemuel_tele_altar,
          nicolae_qazlal_style_of_elements, tso_oasis_becter, serial_shops,
          shop, item_on_display_a, uniq_prince_ribbit1, uniq_maggie
Temple:   kb_temple_of_zot

Skill      XL: |  1  2  3  4  5  6  7 |
---------------+----------------------+-----
Throwing       | 2 4 6 8 |  8.4
Fighting       | |  3.6
Axes           | |  2.8
Dodging        | |  3.0
Shields        | |  3.6

Action                   |  1- 3 |  4- 6 |  7- 9 || total
-------------------------+-------+-------+-------++-------
Melee: War axe           |    60 |    97 |    37 ||   194
       Constrict         |    16 |    26 |    11 ||    53
       Tentacles         |    12 |    14 |    12 ||    38
Throw: Javelin           |       |     2 |     3 ||     5
       Dart              |       |     1 |     9 ||    10
       Boomerang         |       |       |     5 ||     5
  Use: Potion            |       |       |     3 ||     3
 Stab: Sleeping          |     8 |     6 |       ||    14
Armor: Skin              |     3 |     1 |     1 ||     5
Dodge: Dodged            |    28 |    42 |    15 ||    85
Block: Kite shield       |    27 |    42 |    23 ||    92

Table legend: (Time is in decaauts)
 A = Elapsed time spent in this place.
 B = Non-inter-level travel time spent in this place.
 C = Inter-level travel time spent in this place.
 D = Time resting spent in this place.
 E = Time spent auto-exploring this place.
 F = Levels seen in this place.
 G = Mean time per level.
                   A        B        C        D        E       F      G
               +--------+--------+--------+--------+--------+-----+--------+
         Total |   7567 |   7058 |    509 |    824 |   5389 |   7 | 1081.0 |
       Dungeon |   7460 |   6966 |    494 |    824 |   5305 |   6 | 1243.3 |
        Temple |    107 |     92 |     15 |      0 |     84 |   1 |  107.0 |
               +--------+--------+--------+--------+--------+-----+--------+

Top non-repeatable levels by time:
     D:5: 2498 daAuts
     D:4: 1604 daAuts
     D:3: 1210 daAuts
     D:1: 1008 daAuts
     D:2: 936 daAuts
     D:6: 200 daAuts
  Temple: 107 daAuts
